[Event "Teplice Open 2019"]
[Site "Teplice"]
[Date "2019.06.18"]
[Round "4.3"]
[White "Epishin, Vladimir"]
[Black "Warmerdam, Max"]
[Result "1/2-1/2"]
[ECO "A30"]
[WhiteElo "2564"]
[BlackElo "2475"]
[Annotator "ChessBase"]
[PlyCount "67"]
[EventDate "2019.06.15"]
[EventType "swiss"]
[EventCountry "CZE"]
[SourceTitle "playchess.com"]
[Source "ChessBase"]
[SourceQuality "1"]
[TimeControl "40/5400+30:1800+30"]

1. c4 c5 2. g3 g6 3. Bg2 Bg7 4. e3 e6 5. Ne2 Ne7 6. d4 cxd4 7. Nxd4 d5 8. cxd5 Nxd5 9. O-O O-O 10. Na3 Nc6 11. Nxc6 bxc6 12. Qa4 Nb6 13. Qc2 Ba6 14. Rd1 Qf6 15. Bf1 Bxf1 16. Rxf1 Rfd8 17. e4 Qd4 18. Rb1 Qd3 19. Qxd3 Rxd3 20. b3 a5 21. Be3 Bd4 22. Nc2 Bxe3 23. Nxe3 Rd4 24. Rfc1 Rc8 25. Rc5 a4 26. Rbc1 axb3 27. axb3 Rxe4 28. Rxc6 Rxc6 29. Rxc6 Rb4 30. Rc3 Nd5 31. Nxd5 exd5 32. Kf1 d4 33. Rc4 Rxb3 34. Rxd4 1/2-1/2

[Event "Teplice Open 2019"]
[Site "Teplice"]
[Date "2019.06.18"]
[Round "4.4"]
[White "Vorobiov, Evgeny E."]
[Black "Song, Raymond"]
[Result "1-0"]
[ECO "E06"]
[WhiteElo "2556"]
[BlackElo "2450"]
[Annotator "ChessBase"]
[PlyCount "73"]
[EventDate "2019.06.15"]
[EventType "swiss"]
[EventCountry "CZE"]
[SourceTitle "playchess.com"]
[Source "ChessBase"]
[SourceQuality "1"]
[TimeControl "40/5400+30:1800+30"]

1. d4 Nf6 2. c4 e6 3. Nf3 d5 4. g3 Be7 5. Bg2 O-O 6. Nc3 dxc4 7. Ne5 Nc6 8. Bxc6 bxc6 9. Nxc6 Qe8 10. Nxe7+ Qxe7 11. Qa4 c5 12. dxc5 Qxc5 13. Be3 Qc7 14. Rd1 Bb7 15. O-O Nd5 16. Bd4 Rfd8 17. Nxd5 Rxd5 18. Bc3 h5 19. Rxd5 Bxd5 20. Rd1 h4 21. gxh4 f5 22. f3 Rf8 23. Qa5 Qf7 24. Qc5 f4 25. Kf2 Qh5 26. Qe7 Rf7 27. Qd8+ Rf8 28. Qg5 Qxg5 29. hxg5 Kh7 30. h4 Rf5 31. Kg2 Rf7 32. Kh3 Rd7 33. h5 a6 34. g6+ Kg8 35. Kh4 Rd8 36. Be5 Rf8 37. Kg4 1-0

[Event "Teplice Open 2019"]
[Site "Teplice"]
[Date "2019.06.18"]
[Round "4.5"]
[White "Babula, Vlastimil"]
[Black "Krishna Teja, N."]
[Result "1-0"]
[ECO "D15"]
[WhiteElo "2550"]
[BlackElo "2357"]
[Annotator "ChessBase"]
[PlyCount "69"]
[EventDate "2019.06.15"]
[EventType "swiss"]
[EventCountry "CZE"]
[SourceTitle "playchess.com"]
[Source "ChessBase"]
[SourceQuality "1"]
[TimeControl "40/5400+30:1800+30"]

1. d4 d5 2. c4 c6 3. Nf3 Nf6 4. Nc3 a6 5. e3 Bf5 6. Bd2 e6 7. Qb3 Ra7 8. Nh4 Be4 9. cxd5 Bxd5 10. Qc2 c5 11. Nxd5 Nxd5 12. Nf3 cxd4 13. Nxd4 Nd7 14. a3 b5 15. a4 Rc7 16. Qd1 e5 17. Nf3 Nb4 18. Bc3 e4 19. Nd4 Ne5 20. axb5 Ned3+ 21. Bxd3 Nxd3+ 22. Kf1 Qh4 23. Qe2 axb5 24. f3 b4 25. Be1 Qf6 26. Kg1 Bc5 27. fxe4 Bxd4 28. Qxd3 Ba7 29. Qb5+ Rc6 30. Rxa7 O-O 31. h3 Qd6 32. Qd5 Qh6 33. Kh2 Rc2 34. Rf1 Qg6 35. Rf2 1-0

[Event "Teplice Open 2019"]
[Site "Teplice"]
[Date "2019.06.18"]
[Round "4.6"]
[White "Mazur, Stefan"]
[Black "Plat, Vojtech"]
[Result "1/2-1/2"]
[ECO "B33"]
[WhiteElo "2426"]
[BlackElo "2547"]
[Annotator "ChessBase"]
[PlyCount "103"]
[EventDate "2019.06.15"]
[EventType "swiss"]
[EventCountry "CZE"]
[SourceTitle "playchess.com"]
[Source "ChessBase"]
[SourceQuality "1"]
[TimeControl "40/5400+30:1800+30"]

1. e4 c5 2. Nf3 Nc6 3. d4 cxd4 4. Nxd4 Qb6 5. Nb3 Nf6 6. Nc3 e6 7. Qe2 Bb4 8. Bd2 O-O 9. a3 Bxc3 10. Bxc3 e5 11. O-O-O a5 12. g4 a4 13. Nd2 d5 14. exd5 Nxd5 15. Nc4 Nxc3 16. Nxb6 Nxe2+ 17. Bxe2 Ra5 18. c3 Be6 19. Rhe1 e4 20. h3 Ne5 21. Rd4 f5 22. Bc4 Nxc4 23. Nxc4 Bxc4 24. Rxc4 fxg4 25. hxg4 h5 26. gxh5 Rxf2 27. Rcxe4 Rb5 28. Rb4 Rxb4 29. axb4 Rf5 30. Rh1 Kh7 31. Kc2 Kh6 32. c4 Rf2+ 33. Kc3 Rf3+ 34. Kd4 Rb3 35. Kc5 Rxb2 36. b5 a3 37. Kb6 a2 38. Ra1 Kxh5 39. Kxb7 Rc2 40. b6 g5 41. Ka6 Rxc4 42. Rxa2 Rb4 43. b7 Kh4 44. Rh2+ Kg3 45. Rh6 Rxb7 46. Kxb7 g4 47. Kc6 Kf3 48. Rf6+ Ke3 49. Rg6 Kf3 50. Kd5 g3 51. Rxg3+ Kxg3 52. Ke4 1/2-1/2

[Event "Teplice Open 2019"]
[Site "Teplice"]
[Date "2019.06.18"]
[Round "4.11"]
[White "Ankit, R. Rajpara"]
[Black "Santos Latasa, Jaime"]
[Result "0-1"]
[ECO "E69"]
[WhiteElo "2447"]
[BlackElo "2588"]
[Annotator "ChessBase"]
[PlyCount "104"]
[EventDate "2019.06.15"]
[EventType "swiss"]
[EventCountry "CZE"]
[SourceTitle "playchess.com"]
[Source "ChessBase"]
[SourceQuality "1"]
[TimeControl "40/5400+30:1800+30"]

1. d4 Nf6 2. c4 g6 3. g3 Bg7 4. Bg2 O-O 5. Nf3 d6 6. O-O Nbd7 7. Nc3 e5 8. e4 c6 9. h3 Qb6 10. Re1 exd4 11. Nxd4 Re8 12. Nc2 Nc5 13. b4 Ne6 14. Be3 Qa6 15. Qd3 Nd7 16. f4 Nb6 17. Bxb6 Qxb6+ 18. Kh2 a5 19. a3 h5 20. h4 Qd8 21. Rad1 axb4 22. axb4 Nxf4 23. gxf4 Qxh4+ 24. Kg1 Qxf4 25. Ne2 Qh4 26. Ncd4 Bg4 27. Nf3 Bxf3 28. Qxf3 Be5 29. Qh3 Qg5 30. b5 Ra2 31. Rd3 Rea8 32. bxc6 bxc6 33. Qf3 Qh4 34. Qf2 Qxf2+ 35. Kxf2 Rc2 36. Bf3 Rxc4 37. Rb1 Rc2 38. Rb7 c5 39. Rdb3 Raa2 40. Rd7 Bd4+ 41. Kg3 Rxe2 42. Bxe2 Rxe2 43. Rbb7 h4+ 44. Kxh4 Rxe4+ 45. Kh3 Rf4 46. Rxd6 Kg7 47. Rc6 g5 48. Kg3 c4 49. Kg2 c3 50. Rd7 Be5 51. Rb7 Rf6 52. Rc5 Re6 0-1

[Event "Teplice Open 2019"]
[Site "Teplice"]
[Date "2019.06.18"]
[Round "4.12"]
[White "Hracek, Zbynek"]
[Black "Halvax, Georg"]
[Result "1/2-1/2"]
[ECO "B23"]
[WhiteElo "2582"]
[BlackElo "2408"]
[Annotator "ChessBase"]
[PlyCount "60"]
[EventDate "2019.06.15"]
[EventType "swiss"]
[EventCountry "CZE"]
[SourceTitle "playchess.com"]
[Source "ChessBase"]
[SourceQuality "1"]
[TimeControl "40/5400+30:1800+30"]

1. e4 c5 2. Nc3 Nc6 3. Bb5 Nd4 4. Nf3 Nxb5 5. Nxb5 d5 6. exd5 a6 7. Nc3 Nf6 8. O-O Nxd5 9. Ne5 g6 10. Nc4 Be6 11. Ne4 Nf6 12. Nxf6+ exf6 13. b3 b5 14. Ne3 Bg7 15. Bb2 O-O 16. Qf3 f5 17. Bxg7 Kxg7 18. Rad1 Qd6 19. g3 Rad8 20. Rfe1 Qd4 21. Ng2 Bd5 22. Qe3 Qxe3 23. Rxe3 Be4 24. d3 Bxg2 25. Kxg2 Rfe8 26. Kf3 Re6 27. Rde1 Kf6 28. Ke2 b4 29. Kd2 a5 30. f4 Rd5 1/2-1/2

[Event "Teplice Open 2019"]
[Site "Teplice"]
[Date "2019.06.18"]
[Round "4.13"]
[White "Mikes, Jan"]
[Black "Romanov, Evgeny"]
[Result "0-1"]
[ECO "C45"]
[WhiteElo "2404"]
[BlackElo "2577"]
[Annotator "ChessBase"]
[PlyCount "30"]
[EventDate "2019.06.15"]
[EventType "swiss"]
[EventCountry "CZE"]
[SourceTitle "playchess.com"]
[Source "ChessBase"]
[SourceQuality "1"]
[TimeControl "40/5400+30:1800+30"]

1. e4 e5 2. Nf3 Nc6 3. d4 exd4 4. Nxd4 Bc5 5. Nb3 Bb6 6. Nc3 d6 7. Qe2 a5 8. Nd5 a4 9. Nxb6 cxb6 10. Nd2 Nf6 11. Nc4 b5 12. Na3 b4 13. Nb5 O-O 14. Bf4 a3 15. bxa3 Nxe4 0-1

[Event "Teplice Open 2019"]
[Site "Teplice"]
[Date "2019.06.18"]
[Round "4.14"]
[White "Shevchenko, Kirill"]
[Black "Rubes, Jan"]
[Result "0-1"]
[ECO "D35"]
[WhiteElo "2539"]
[BlackElo "2352"]
[Annotator "ChessBase"]
[PlyCount "108"]
[EventDate "2019.06.15"]
[EventType "swiss"]
[EventCountry "CZE"]
[SourceTitle "playchess.com"]
[Source "ChessBase"]
[SourceQuality "1"]
[TimeControl "40/5400+30:1800+30"]

1. d4 Nf6 2. c4 e6 3. Nc3 d5 4. cxd5 Nxd5 5. e4 Nxc3 6. bxc3 c5 7. Rb1 cxd4 8. cxd4 Nc6 9. Bb5 a6 10. Bxc6+ bxc6 11. Nf3 Bd6 12. O-O O-O 13. Qa4 Bd7 14. Qc2 h6 15. Qc3 Qc7 16. Ba3 Rfb8 17. Bxd6 Qxd6 18. Ne5 Be8 19. Nc4 Qd8 20. e5 Rxb1 21. Rxb1 c5 22. dxc5 Rb8 23. Nb6 Bc6 24. f3 Qg5 25. Rd1 Rd8 26. Rd6 h5 27. h4 Qxh4 28. Qd2 Bd5 29. c6 Rxd6 30. exd6 Bxc6 31. d7 Qd8 32. Qb4 Bxd7 33. Qd4 e5 34. Qd6 Qh4 35. Qxd7 Qe1+ 36. Kh2 Qh4+ 37. Qh3 Qf4+ 38. g3 Qxf3 39. Nd7 h4 40. g4 Qf4+ 41. Kg1 Qd4+ 42. Kh1 Qxd7 43. Qxh4 Qd5+ 44. Kg1 Qd4+ 45. Kg2 f5 46. Qe7 Qxg4+ 47. Kf2 Qf4+ 48. Kg2 Kh7 49. Qe8 Qg4+ 50. Kh1 e4 51. a4 e3 52. Kh2 e2 53. a5 Qh4+ 54. Kg2 Qe4+ 0-1

[Event "Teplice Open 2019"]
[Site "Teplice"]
[Date "2019.06.18"]
[Round "4.15"]
[White "Di Nicolantonio, Lucas"]
[Black "Dragnev, Valentin"]
[Result "1/2-1/2"]
[ECO "B20"]
[WhiteElo "2379"]
[BlackElo "2521"]
[Annotator "ChessBase"]
[PlyCount "78"]
[EventDate "2019.06.15"]
[EventType "swiss"]
[EventCountry "CZE"]
[SourceTitle "playchess.com"]
[Source "ChessBase"]
[SourceQuality "1"]
[TimeControl "40/5400+30:1800+30"]

1. g3 c5 2. f4 g6 3. Bg2 Bg7 4. Nf3 Nc6 5. d3 e6 6. O-O Nge7 7. e4 O-O 8. c3 b6 9. d4 Ba6 10. Rf2 Rc8 11. Na3 cxd4 12. cxd4 b5 13. Nc2 Qb6 14. Be3 d5 15. e5 b4 16. g4 Rc7 17. Bh3 Rfc8 18. Kh1 Nb8 19. f5 b3 20. Nce1 Nec6 21. Qxb3 Nb4 22. Bd2 N8c6 23. Bc3 Bc4 24. Qd1 Nxa2 25. Nd3 Nxc3 26. bxc3 Bxd3 27. Qxd3 Nxe5 28. Nxe5 Rxc3 29. Qf1 Bxe5 30. dxe5 Rxh3 31. fxe6 fxe6 32. Rf7 Qe3 33. Raxa7 Qe4+ 34. Kg1 Qxg4+ 35. Kh1 Qe4+ 36. Kg1 Qg4+ 37. Kh1 Rxh2+ 38. Kxh2 Rc2+ 39. Rf2 Qf4+ 1/2-1/2

[Event "Teplice Open 2019"]
[Site "Teplice"]
[Date "2019.06.18"]
[Round "4.16"]
[White "Krzyzanowski, Marcin"]
[Black "Pacan-Milej, Kosma"]
[Result "1-0"]
[ECO "B94"]
[WhiteElo "2510"]
[BlackElo "2247"]
[Annotator "ChessBase"]
[PlyCount "91"]
[EventDate "2019.06.15"]
[EventType "swiss"]
[EventCountry "CZE"]
[SourceTitle "playchess.com"]
[Source "ChessBase"]
[SourceQuality "1"]
[TimeControl "40/5400+30:1800+30"]

1. e4 c5 2. Nf3 d6 3. d4 Nf6 4. Nc3 cxd4 5. Nxd4 a6 6. Bg5 Nbd7 7. Bc4 Qa5 8. Qd2 e6 9. Nb3 Qc7 10. Bd3 Be7 11. a4 b6 12. O-O Bb7 13. Rae1 h6 14. Bf4 Ne5 15. Bg3 Nh5 16. Ne2 Rc8 17. Nbd4 O-O 18. c3 Nxd3 19. Qxd3 Qc4 20. Qf3 Nf6 21. Nf4 Qxa4 22. Nh5 Qd7 23. Bf4 Nxh5 24. Qxh5 Bf6 25. Qh3 Rfd8 26. Bd2 e5 27. Nf5 d5 28. Bxh6 g6 29. f4 dxe4 30. fxe5 Bxe5 31. Rd1 Qe6 32. Rxd8+ Rxd8 33. Bg5 gxf5 34. Bxd8 f4 35. Qxe6 fxe6 36. g3 fxg3 37. hxg3 b5 38. Kf2 Kf7 39. g4 Ke8 40. Bb6 Bf4 41. Be3 e5 42. Rh1 Bd5 43. g5 Kf7 44. Rh6 Kg7 45. Rxa6 Bc4 46. Rf6 1-0

[Event "Teplice Open 2019"]
[Site "Teplice"]
[Date "2019.06.18"]
[Round "4.17"]
[White "Sikora, Jan"]
[Black "Salomon, Johan"]
[Result "0-1"]
[ECO "A07"]
[WhiteElo "2170"]
[BlackElo "2509"]
[Annotator "ChessBase"]
[PlyCount "114"]
[EventDate "2019.06.15"]
[EventType "swiss"]
[EventCountry "CZE"]
[SourceTitle "playchess.com"]
[Source "ChessBase"]
[SourceQuality "1"]
[TimeControl "40/5400+30:1800+30"]

1. Nf3 d5 2. g3 g6 3. Bg2 Bg7 4. O-O e5 5. d3 Ne7 6. c4 c6 7. e4 O-O 8. Re1 d4 9. Bd2 Bg4 10. Qc1 c5 11. Bh6 f6 12. Bxg7 Kxg7 13. Nxe5 fxe5 14. Qg5 h5 15. Qxe5+ Kh7 16. Qxc5 Nd7 17. Qa3 Nc6 18. Nd2 a5 19. h3 Be6 20. Qd6 Ra6 21. Rac1 Qf6 22. Re2 Nb4 23. Qc7 Qe5 24. Qxe5 Nxe5 25. Nb3 Nexd3 26. Rd1 Bxc4 27. Nxd4 Rd6 28. b3 Ba6 29. Nf3 Rc6 30. Red2 Rc2 31. Rxc2 Nxc2 32. Rd2 Ncb4 33. Ng5+ Kh6 34. f4 Rc8 35. a3 Rc2 36. Rd1 Nc6 37. Ne6 Rc1 38. Rxc1 Nxc1 39. Nc5 Nd3 40. Nxa6 bxa6 41. e5 Nd4 42. Bf1 Ne1 43. b4 axb4 44. axb4 Nb5 45. Kf2 Nc2 46. g4 h4 47. g5+ Kg7 48. Kf3 Nxb4 49. Kg4 Nd4 50. Bxa6 Nxa6 51. Kxh4 Nc5 52. Kg4 Nf5 53. h4 Nxh4 54. Kxh4 Ne6 55. Kg4 Nd4 56. e6 Kf8 57. f5 Nxf5 0-1

[Event "Teplice Open 2019"]
[Site "Teplice"]
[Date "2019.06.18"]
[Round "4.18"]
[White "Kraus, Tomas"]
[Black "Kostolansky, Sebastian Lukas"]
[Result "1/2-1/2"]
[ECO "A48"]
[WhiteElo "2479"]
[BlackElo "2379"]
[Annotator "ChessBase"]
[PlyCount "112"]
[EventDate "2019.06.15"]
[EventType "swiss"]
[EventCountry "CZE"]
[SourceTitle "playchess.com"]
[Source "ChessBase"]
[SourceQuality "1"]
[TimeControl "40/5400+30:1800+30"]

1. d4 Nf6 2. Nf3 g6 3. b3 Bg7 4. Bb2 O-O 5. e3 b6 6. c4 Bb7 7. Nc3 d6 8. Be2 Nbd7 9. O-O Ne4 10. Nxe4 Bxe4 11. Nd2 Bb7 12. Bf3 Qc8 13. Qc2 Bxf3 14. Nxf3 Qb7 15. Rfd1 c5 16. dxc5 bxc5 17. Bxg7 Kxg7 18. e4 f6 19. Rd3 Ne5 20. Re3 a5 21. a4 Ra6 22. Nxe5 fxe5 23. Rae1 Rf4 24. Rh3 Ra8 25. Qd2 Raf8 26. Re2 Qb4 27. Qxb4 axb4 28. Rd3 g5 29. h3 h5 30. f3 Kf7 31. Kf2 Ke6 32. Kg3 Kd7 33. Rd1 Kc6 34. Rh1 Kb6 35. Re3 Kc6 36. Rd1 Kd7 37. Rf1 Ke6 38. Kf2 Kf7 39. Ree1 Ke6 40. Rh1 g4 41. hxg4 hxg4 42. Rh6+ Kd7 43. Rg6 Kc6 44. Rg7 Kd7 45. Re3 Ke6 46. Rg5 Kd7 47. Rg6 Kc6 48. Rg7 Kd7 49. Re1 Ke6 50. Re3 Kd7 51. Kg3 gxf3 52. Rxf3 Rxf3+ 53. gxf3 Rh8 54. Kg2 Ke6 55. Rg3 Kd7 56. Rg7 Ke6 1/2-1/2

[Event "Teplice Open 2019"]
[Site "Teplice"]
[Date "2019.06.18"]
[Round "4.19"]
[White "Kett, Tim"]
[Black "Blohberger, Felix"]
[Result "1-0"]
[ECO "B13"]
[WhiteElo "2197"]
[BlackElo "2475"]
[Annotator "ChessBase"]
[PlyCount "100"]
[EventDate "2019.06.15"]
[EventType "swiss"]
[EventCountry "CZE"]
[SourceTitle "playchess.com"]
[Source "ChessBase"]
[SourceQuality "1"]
[TimeControl "40/5400+30:1800+30"]

1. d4 Nf6 2. Nc3 d5 3. Bf4 c5 4. e3 cxd4 5. exd4 a6 6. Nf3 Nc6 7. Ne5 Bd7 8. Be2 e6 9. O-O Qb6 10. Nxc6 Bxc6 11. Rb1 Be7 12. Qd3 O-O 13. Rfd1 Rfc8 14. a3 Qd8 15. Qg3 b5 16. Be5 Qd7 17. Rd3 a5 18. Rf3 Ne8 19. Bd3 f6 20. Qh3 g6 21. Bf4 b4 22. axb4 axb4 23. Ne2 Ng7 24. Re1 Ra2 25. g4 Rca8 26. Qh6 Bf8 27. Qh4 Ra1 28. Nc1 e5 29. dxe5 fxe5 30. Rh3 e4 31. Qxh7+ Kf7 32. Be2 Bc5 33. Be3 d4 34. Rh6 dxe3 35. Qxg6+ Kg8 36. Qh7+ Kf8 37. Rf6+ Ke7 38. Qxg7+ Kd8 39. Rd1 Rxc1 40. Qxd7+ Bxd7 41. Rxc1 Ke7 42. Rf4 exf2+ 43. Rxf2 Ra2 44. Rb1 Ra8 45. Kf1 Bxf2 46. Kxf2 Rc8 47. Rc1 Kf6 48. h4 Ke5 49. Ke3 Be6 50. h5 Kd5 {[%emt 0:00:01] Kxe4+} 1-0

[Event "Teplice Open 2019"]
[Site "Teplice"]
[Date "2019.06.18"]
[Round "4.20"]
[White "Lagarde, Maxime"]
[Black "Tuma, Jiri"]
[Result "1-0"]
[ECO "A57"]
[WhiteElo "2599"]
[BlackElo "2257"]
[Annotator "ChessBase"]
[PlyCount "60"]
[EventDate "2019.06.15"]
[EventType "swiss"]
[EventCountry "CZE"]
[SourceTitle "playchess.com"]
[Source "ChessBase"]
[SourceQuality "1"]
[TimeControl "40/5400+30:1800+30"]

1. d4 Nf6 2. c4 c5 3. d5 b5 4. Nf3 g6 5. cxb5 a6 6. b6 Qxb6 7. Nc3 Bg7 8. e4 O-O 9. Be2 e6 10. O-O Bb7 11. Bf4 exd5 12. exd5 d6 13. Nd2 Nxd5 14. Nc4 Nxc3 15. Nxb6 Nxd1 16. Raxd1 d5 17. Bd6 Rd8 18. Bc7 Re8 19. Bf3 Ra7 20. Rfe1 Bc6 21. Rxe8+ Bxe8 22. Re1 Bc6 23. Bxb8 Rb7 24. Nxd5 Rxb8 25. Ne7+ Kf8 26. Nxc6 Rxb2 27. Bd5 Rd2 28. Bb3 Rd6 29. Ne5 Rd2 30. Nc4 Kg8 1-0

[Event "Teplice Open 2019"]
[Site "Teplice"]
[Date "2019.06.18"]
[Round "4.22"]
[White "Freisler, Pavel"]
[Black "Stocek, Jiri"]
[Result "0-1"]
[ECO "A43"]
[WhiteElo "2246"]
[BlackElo "2551"]
[Annotator "ChessBase"]
[PlyCount "70"]
[EventDate "2019.06.15"]
[EventType "swiss"]
[EventCountry "CZE"]
[SourceTitle "playchess.com"]
[Source "ChessBase"]
[SourceQuality "1"]
[TimeControl "40/5400+30:1800+30"]

1. d4 Nf6 2. Nf3 c5 3. d5 g6 4. Nc3 Bg7 5. e4 O-O 6. Be2 b5 7. e5 Ng4 8. Bf4 b4 9. Ne4 d6 10. exd6 Bxb2 11. Rb1 Nf6 12. Nxc5 Bc3+ 13. Kf1 exd6 14. Na4 Ne4 15. Bd3 Re8 16. Rb3 Qf6 17. Bxe4 Qxf4 18. Nxc3 bxc3 19. Bd3 Bg4 20. Rxc3 Bxf3 21. gxf3 Qe5 22. Rc4 Nd7 23. h4 Nf6 24. f4 Qxd5 25. Rh3 Rab8 26. Qf3 Qa5 27. Kg2 d5 28. Rc6 Nh5 29. f5 Qa4 30. fxg6 hxg6 31. Ra6 Qd4 32. Rg3 Nxg3 33. Qxg3 Rb6 34. Rxa7 Rf6 35. Rb7 Rf4 0-1

[Event "Teplice Open 2019"]
[Site "Teplice"]
[Date "2019.06.18"]
[Round "4.23"]
[White "Ali Marandi, Cemil Can"]
[Black "Horak, Martin"]
[Result "1-0"]
[ECO "D00"]
[WhiteElo "2520"]
[BlackElo "2244"]
[Annotator "ChessBase"]
[PlyCount "67"]
[EventDate "2019.06.15"]
[EventType "swiss"]
[EventCountry "CZE"]
[SourceTitle "playchess.com"]
[Source "ChessBase"]
[SourceQuality "1"]
[TimeControl "40/5400+30:1800+30"]

1. d4 Nf6 2. Bf4 d5 3. e3 c5 4. c3 Nc6 5. Nd2 e6 6. Bd3 Bd6 7. Bxd6 Qxd6 8. f4 Ne7 9. Qe2 Qb6 10. Rb1 Nf5 11. Ngf3 Nd6 12. Ne5 Bd7 13. O-O Bb5 14. Bxb5+ Nxb5 15. c4 Nd6 16. dxc5 Qxc5 17. b4 Qc7 18. c5 Nde4 19. Qb5+ Ke7 20. Nxe4 Nxe4 21. Rbc1 f6 22. Nf3 a5 23. Nd4 Rhb8 24. Qe2 g6 25. Qg4 Qc8 26. c6 b5 27. c7 Rb6 28. Nc6+ Kf7 29. bxa5 Rba6 30. Rfd1 Nd6 31. Nd8+ Ke7 32. Qh4 h5 33. Qg3 Nc4 34. f5 1-0

[Event "Teplice Open 2019"]
[Site "Teplice"]
[Date "2019.06.18"]
[Round "4.24"]
[White "Loiseau, Quentin"]
[Black "Ehrke, Michael"]
[Result "1-0"]
[ECO "D32"]
[WhiteElo "2471"]
[BlackElo "2222"]
[Annotator "ChessBase"]
[PlyCount "33"]
[EventDate "2019.06.15"]
[EventType "swiss"]
[EventCountry "CZE"]
[SourceTitle "playchess.com"]
[Source "ChessBase"]
[SourceQuality "1"]
[TimeControl "40/5400+30:1800+30"]

1. d4 d5 2. c4 e6 3. Nc3 c5 4. cxd5 exd5 5. Nf3 Nf6 6. Bg5 Nc6 7. e3 Be6 8. Bb5 Qa5 9. Bxf6 gxf6 10. dxc5 a6 11. Bxc6+ bxc6 12. Nd4 Qxc5 13. O-O Bg7 14. Rc1 Qd6 15. Na4 Rc8 16. Nb6 Rc7 17. Qa4 1-0

[Event "Teplice Open 2019"]
[Site "Teplice"]
[Date "2019.06.18"]
[Round "4.25"]
[White "Navrotescu, Andreea-Cristiana"]
[Black "Vogel, Roven"]
[Result "1/2-1/2"]
[ECO "D36"]
[WhiteElo "2233"]
[BlackElo "2471"]
[Annotator "ChessBase"]
[PlyCount "110"]
[EventDate "2019.06.15"]
[EventType "swiss"]
[EventCountry "CZE"]
[SourceTitle "playchess.com"]
[Source "ChessBase"]
[SourceQuality "1"]
[TimeControl "40/5400+30:1800+30"]

1. c4 e6 2. Nc3 d5 3. d4 Nf6 4. cxd5 exd5 5. Bg5 c6 6. Qc2 Be7 7. e3 Nbd7 8. Bd3 Nh5 9. Bxe7 Qxe7 10. Nge2 Nb6 11. O-O g6 12. Rae1 O-O 13. Nc1 Ng7 14. f3 f5 15. a3 Be6 16. Nb3 Kh8 17. Na5 Bg8 18. b4 Rae8 19. Na4 Nc8 20. Qc5 Qf7 21. Nb3 f4 22. exf4 Ne6 23. Qc2 Nxf4 24. b5 Rxe1 25. Rxe1 cxb5 26. Bxb5 Nd6 27. Bf1 Nc4 28. Qc3 b6 29. Nd2 Nd6 30. g3 Ne6 31. Qc6 Nf5 32. Qxd5 Qg7 33. Qe5 Nfxd4 34. f4 Rc8 35. Bd3 b5 36. Nb2 Rc3 37. Qxg7+ Kxg7 38. Re5 Rxa3 39. Bxb5 Ra2 40. Nbc4 a6 41. Bd7 Nxf4 42. gxf4 Bxc4 43. Nxc4 Nf3+ 44. Kf1 Nxh2+ 45. Ke1 Nf3+ 46. Kd1 Nxe5 47. fxe5 h5 48. e6 Kf6 49. Ne5 Ke7 50. Nxg6+ Kd6 51. Bc8 Ra4 52. e7 Rd4+ 53. Ke2 Re4+ 54. Kf3 Rxe7 55. Nxe7 Ke5 {[%emt 0:00:07] Ke4+} 1/2-1/2

[Event "Teplice Open 2019"]
[Site "Teplice"]
[Date "2019.06.18"]
[Round "4.26"]
[White "Haldorsen, Benjamin"]
[Black "Cholleti Sahajasri"]
[Result "1-0"]
[ECO "B23"]
[WhiteElo "2454"]
[BlackElo "2207"]
[Annotator "ChessBase"]
[PlyCount "73"]
[EventDate "2019.06.15"]
[EventType "swiss"]
[EventCountry "CZE"]
[SourceTitle "playchess.com"]
[Source "ChessBase"]
[SourceQuality "1"]
[TimeControl "40/5400+30:1800+30"]

1. e4 c5 2. Nc3 d6 3. f4 Nc6 4. Nf3 g6 5. Bc4 Bg7 6. O-O Nf6 7. d3 O-O 8. Qe1 Bg4 9. f5 Bxf3 10. Rxf3 Ne5 11. Rh3 e6 12. Bg5 h6 13. Bxh6 Bxh6 14. Rxh6 Nfg4 15. Rh3 Qf6 16. Qh4 Qxh4 17. Rxh4 Nxc4 18. dxc4 Ne3 19. f6 Nxc4 20. Re1 Rfd8 21. b3 Ne5 22. Re3 g5 23. Rh5 Ng6 24. Rxg5 Kf8 25. Rd3 a6 26. Ne2 Ke8 27. Kf2 b5 28. g3 Rac8 29. h4 c4 30. Rd2 Nf8 31. Nf4 cxb3 32. axb3 Rc6 33. Ke2 Rdc8 34. Kd1 Rb6 35. b4 Rc4 36. Rg8 Rxb4 37. Nh5 1-0

[Event "Teplice Open 2019"]
[Site "Teplice"]
[Date "2019.06.18"]
[Round "4.27"]
[White "Lorscheid, Gerhard"]
[Black "Cawdery, Daniel"]
[Result "1/2-1/2"]
[ECO "D80"]
[WhiteElo "2214"]
[BlackElo "2428"]
[Annotator "NA"]
[PlyCount "58"]
[EventDate "2019.06.15"]
[EventType "swiss"]
[EventCountry "CZE"]
[SourceTitle "playchess.com"]
[Source "ChessBase"]
[SourceQuality "1"]
[TimeControl "40/5400+30:1800+30"]

1. d4 Nf6 2. c4 g6 3. Nc3 d5 4. Bg5 Bg7 5. e3 c5 6. dxc5 Qa5 7. Bxf6 Bxf6 8. Rc1 dxc4 9. Bxc4 O-O 10. Nf3 Qxc5 11. Qe2 Bg7 12. O-O Nc6 13. Nd5 Qd6 14. Rfd1 Bg4 15. Nb6 Bxf3 16. Qxf3 Nd4 17. Rxd4 Qxb6 18. Rd7 Qxb2 19. Rcd1 Qb4 20. Qe4 e6 21. Rxb7 Qa4 22. Rdb1 Rac8 23. R7b4 Qa3 24. g3 a5 25. Rb5 Qa4 26. Bd5 Qa3 27. Bc4 Qa4 28. Bd5 Qa3 29. Bc4 Qa4 1/2-1/2

[Event "Teplice Open 2019"]
[Site "Teplice"]
[Date "2019.06.18"]
[Round "4.28"]
[White "Georgescu, Lena"]
[Black "Kirk, Ezra"]
[Result "1-0"]
[ECO "C12"]
[WhiteElo "2200"]
[BlackElo "2428"]
[Annotator "NA"]
[PlyCount "47"]
[EventDate "2019.06.15"]
[EventType "swiss"]
[EventCountry "CZE"]
[SourceTitle "playchess.com"]
[Source "ChessBase"]
[SourceQuality "1"]
[TimeControl "40/5400+30:1800+30"]

1. e4 e6 2. d4 d5 3. Nc3 Nf6 4. Bg5 Bb4 5. e5 h6 6. Bc1 Ne4 7. Qg4 g6 8. Nge2 Nxc3 9. Nxc3 c5 10. a3 Bxc3+ 11. bxc3 Qa5 12. Bd2 Qa4 13. Bd3 Nc6 14. h4 Nxe5 15. Qe2 Nc4 16. O-O Bd7 17. Bxc4 Qxc4 18. Qe5 Rh7 19. Rab1 b6 20. h5 gxh5 21. Qf6 cxd4 22. cxd4 Qc7 23. Rb3 Qd8 24. Rg3 1-0